 Dungeon Crawl Stone Soup version 0.22-a0-322-g60b3cfd (webtiles) character file.

126 Cattac the Poker (level 5, 0/42 HPs)
             Began as a Merfolk Skald on Apr 5, 2018.
             Was a Follower of Nemelex Xobeh.
             Killed by static electricity
             ... invoked by an insubstantial wisp
             ... summoned by the player character
              (9 damage)
             ... on level 3 of the Dungeon.
             The game lasted 00:14:57 (2160 turns).

Cattac the Poker (Merfolk Skald)                    Turns: 2160, Time: 00:14:58

Health: 0/42       AC:  5    Str: 13    XL:     5   Next: 10%
Magic:  9/9        EV: 12    Int: 12    God:    Nemelex Xobeh [*.....]
Gold:   101        SH:  0    Dex: 13    Spells: 8/9 levels left

rFire    . . .     SeeInvis .   a - +0 spear
rCold    . . .     Gourm    .   (no shield)
rNeg     . . .     Faith    .   b - +0 leather armour
rPois    .         Spirit   .   (no helmet)
rElec    .         Reflect  .   (no cloak)
rCorr    .         Harm     .   (no gloves)
MR       .....                  (no boots)
Stlth    ++........             (no amulet)
HPRegen  0.14/turn              p - +2 ring of protection
MPRegen  0.11/turn              g - ring of stealth

@: no status effects
A: change form in water, swift swim, stealthy swim
a: Renounce Religion


You were on level 3 of the Dungeon.
You worshipped Nemelex Xobeh.
Nemelex Xobeh was aware of your devotion.
You were hungry.

You visited 1 branch of the dungeon, and saw 3 of its levels.

You collected 101 gold pieces.

Inventory:

Hand Weapons
 a - a +0 spear (weapon)
Armour
 b - a +0 leather armour (worn)
 i - a +0 chain mail
Jewellery
 g - a ring of stealth (right hand)
 p - a +2 ring of protection (left hand)
Scrolls
 n - a scroll of enchant weapon {unknown}
 o - a scroll of teleportation {unknown}
 q - a scroll of blinking {unknown}
Potions
 e - a potion of degeneration {unknown}
 k - a potion of brilliance {unknown}
 l - a potion of haste {unknown}
Miscellaneous
 f - an ornate deck of summoning {drawn: 3}
Comestibles
 d - 4 rations


   Skills:
 * Level 4.2 Fighting
 + Level 4.5 Polearms
 - Level 0.6 Armour
 - Level 2.6 Dodging
 + Level 2.8 Spellcasting
 - Level 3.2 Charms


You had 8 spell levels left.
You knew the following spells:

 Your Spells              Type           Power        Failure   Level  Hunger
a - Infusion              Chrm           #...         9%          1    #......


Dungeon Overview and Level Annotations

Branches:
Dungeon (3/15)

Altars:
Nemelex Xobeh


Message History

Your insubstantial wisp thrums sharply.
The air around your insubstantial wisp crackles with electrical energy.
The insubstantial wisp hits your insubstantial wisp.
Your insubstantial wisp barely misses the insubstantial wisp.
The insubstantial wisp hits your insubstantial wisp.
The insubstantial wisp blinks!
You are too injured to fight recklessly!
Your insubstantial wisp thrums sharply.
You are struck by lightning.
The lightning grounds out.
You are too injured to fight recklessly!
There isn't anything here!
Okay, then.
You miss the insubstantial wisp.
The insubstantial wisp is moderately damaged.
The insubstantial wisp hits you.
* * * LOW HITPOINT WARNING * * *
Your insubstantial wisp thrums sharply.
You are struck by lightning.
You die...
Your body disappears without a glow.

####+##.# #.
#.[.......####### #.
.......#........# #.
#.###..#..#.#.#.###.
#..........###......
#.##......#.#.#.####
#.# #.....##.##.#
#.####.#........#
#v.@......#######
...≈..≈≈v###.####
.≈≈≈.≈≈..# #.#
≈≈≈≈≈≈≈.≈# #.#
≈≈≈≈≈≈≈..# #.#
≈≈≈≈≈≈≈..# #.#
≈.♣≈≈≈≈... #.#
≈._.≈≈≈... #.# #.#


You could see an insubstantial wisp and a friendly insubstantial wisp.

Vanquished Creatures
  A jelly (D:2)
  An adder (D:2)
  A dart slug (D:1)
  A leopard gecko (D:2)
  4 bats
  3 giant cockroaches
  3 goblins (D:1)
  4 hobgoblins
  4 kobolds
  A ball python (D:2)
  5 frilled lizards
  6 rats
34 creatures vanquished.

Vanquished Creatures (collateral kills)
  The ghost of NervFog the Gusty, a weakling TeAE (D:3)
  Jessica (D:2)
  An adder (D:2)
  A kobold (D:2)
4 creatures vanquished.

Grand Total: 38 creatures vanquished

Notes
Turn   | Place    | Note
-------+----------+-------------------------------------------
     0 | D:1      | Cattac the Merfolk Skald began the quest for the Orb.
     0 | D:1      | Reached XP level 1. HP: 16/16 MP: 3/3
   139 | D:1      | Reached XP level 2. HP: 22/23 MP: 0/5
   380 | D:1      | Found a sparkling altar of Nemelex Xobeh.
   384 | D:1      | Became a worshipper of Nemelex Xobeh the Trickster
   990 | D:2      | Received a gift from Nemelex Xobeh
  1000 | D:2      | Reached XP level 3. HP: 3/29 MP: 6/6
  1343 | D:2      | Reached XP level 4. HP: 36/36 MP: 7/7
  1464 | D:2      | Received a gift from Nemelex Xobeh
  1491 | D:2      | Noticed Jessica
  1506 | D:2      | Killed Jessica
  1589 | D:2      | Reached * piety under Nemelex Xobeh
  2137 | D:3      | Noticed NervFog's ghost (weakling TeAE)
  2140 | D:3      | Found a faded altar of an unknown god.
  2144 | D:3      | Noticed an insubstantial wisp
  2152 | D:3      | Killed NervFog's ghost
  2152 | D:3      | Reached XP level 5. HP: 20/42 MP: 9/9
  2160 | D:3      | Killed from afar by an insubstantial wisp

Vault maps used:
D:1:      elethiomel_arrival_infinity_welcomes_careful_drivers,
          nemelex_diamond_rough_becter
D:2:      first_ration, minmay_crystal_room, minmay_pentomino_x2, uniq_jessica
D:3:      chequers_ecumenical_altar_island, bloody_trog,
          uniq_crazy_yiuf_cottage, uniq_natasha

Skill      XL: |  1  2  3  4 |
---------------+-------------+-----
Fighting       | 3 4 |  4.2
Polearms       | 4 |  4.5
Armour         | |  0.6
Dodging        | |  2.6
Spellcasting   | |  2.8
Charms         | |  3.2

Action                   |  1- 3 |  4- 6 || total
-------------------------+-------+-------++-------
Melee: Spear             |   115 |    81 ||   196
 Cast: Infusion          |     2 |     1 ||     3
Evoke: Deck              |     3 |     4 ||     7
  Use: Potion            |     2 |       ||     2
       Scroll            |       |     5 ||     5
  Eat: Ration            |     1 |       ||     1
Armor: Leather armour    |     8 |     4 ||    12
       Chain mail        |    54 |    36 ||    90
Dodge: Dodged            |    42 |    24 ||    66
Block: Shield            |     4 |       ||     4

Table legend:
 A = Spawn XP
 B = Non-spawn XP
 C = Spawn XP percentage of total XP
 D = Spawn monster count
 E = Non-spawn monster count
 F = Spawn count percentage of total count
 G = Total turns spent on level
                    A         B        C        D         E        F      G
               +---------+---------+-------+---------+---------+-------+---------
         Total |       0 |     181 |   0.0 |       0 |      38 |   0.0 |  2160
               +---------+---------+-------+---------+---------+-------+---------
           D:1 |       0 |      25 |   0.0 |       0 |      15 |   0.0 |   936
           D:2 |       0 |     121 |   0.0 |       0 |      19 |   0.0 |  1123
           D:3 |       0 |      35 |   0.0 |       0 |       4 |   0.0 |   101
               +---------+---------+-------+---------+---------+-------+---------
